 Dungeon Crawl Stone Soup version 0.26-a0-812-g31a745ddcd (webtiles) character file.

Game seed: 11343983311449075375

245 raph the Chopper (level 5, -3/45 HPs)
             Began as a Minotaur Fighter on Nov 24, 2020.
             Was an Initiate of Ashenzari.
             Slain by an ogre
             ... wielding a +0 giant club
              (17 damage)
             ... on level 4 of the Dungeon.
             The game lasted 00:04:09 (3524 turns).

raph the Chopper (Minotaur Fighter)                 Turns: 3524, Time: 00:04:10

Health: -3/45      AC: 10    Str: 21    XL:     5   Next: 83%
Magic:  4/4        EV:  9    Int:  5    God:    Ashenzari [......]
Gold:   110        SH:  0    Dex: 10    Spells: 4/4 levels left

rFire    . . .     SeeInvis .   a - +0 war axe (curse)
rCold    . . .     Faith    .   (no shield)
rNeg     . . .     Spirit   .   b - +0 scale mail
rPois    .         Reflect  .   g - +2 hat
rElec    .         Harm     .   (no cloak)
rCorr    .         Rampage  .   (no gloves)
MR       .....                  i - +0 pair of boots
Stlth    ..........             (no amulet)
HPRegen  0.15/turn              (no ring)
MPRegen  0.09/turn              (no ring)

@: no status effects
A: retaliatory headbutt, horns 2
a: Curse Item, Renounce Religion


You were on level 4 of the Dungeon.
You worshipped Ashenzari.
Ashenzari was noncommittal.
You visited 1 branch of the dungeon, and saw 4 of its levels.

You collected 110 gold pieces.

Inventory:

Hand Weapons
 a - a cursed +0 war axe (weapon)
Armour
 b - a +0 scale mail (worn)
 c - a +0 kite shield
 g - a +2 hat (worn)
 i - a +0 pair of boots (worn)
Scrolls
 e - 4 scrolls of identify {unknown}
 h - 2 scrolls of immolation {unknown}
 l - 4 scrolls of magic mapping {unknown}
 m - a scroll of remove curse
 n - a scroll of fog {unknown}
Potions
 d - a potion of might
 f - a potion of curing {unknown}
 j - a potion of resistance {unknown}
 k - a potion of mutation {unknown}


   Skills:
 - Level 3.6 Fighting
 * Level 7.5 Axes
 - Level 3.6 Armour
 - Level 3.6 Shields


You had 4 spell levels left.
You didn't know any spells.
Your spell library contained the following spells:

 Spells                   Type           Power        Failure   Level
 Corona                   Hex            #......      82%         1
 Ensorcelled Hibernation  Hex/Ice        #.....       91%         2
 Confusing Touch          Hex            #.......     99%         3
 Dazzling Flash           Conj/Hex       #.....       99%         3
 Tukima's Dance           Hex            #.......     99%         3


Dungeon Overview and Level Annotations

Branches:
Dungeon (4/15)
 Temple: D:4-7

Altars:
Ashenzari
Cheibriados
Trog


Innate Abilities, Weirdness & Mutations

You reflexively headbutt those who attack you in melee.
You have a pair of horns on your head.


Message History

The ogre hits you with a +0 giant club!!
Ouch! That really hurt!
You are too injured to fight recklessly!
You are too injured to fight recklessly!
You are too injured to fight recklessly!
You are too injured to fight recklessly!
You are too injured to fight recklessly!
You are too injured to fight recklessly!
You are too injured to fight recklessly!
You hit the ogre. You headbutt the ogre.
The ogre is moderately wounded.
The ogre closely misses you. You furiously retaliate!
You headbutt the ogre! You hit the ogre.
The ogre is almost dead.
The ogre hits you with a +0 giant club!
You hit the ogre.
You headbutt the ogre, but do no damage.
The ogre is almost dead.
The ogre hits you with a +0 giant club!
You die...

...#........# .).#........#
...#........# ...#........#
#'##........#########
.....###+#......#...##
.....#...'......#....#
.....#...#......#....#
.....#...#......@O...#
.....#####...†..#...#########
##.........###########......#
..≈≈≈......'................#
.≈≈≈≈≈##...#................#
.≈≈.†≈_#)..#................#
.≈≈≈≈≈##..[######...#########
..≈≈≈#'###)....######
.........#.....#


You could see an ogre.

Vanquished Creatures
  An orc priest (D:3)
  An orc wizard (D:3)
  10 adders
  An ooze (D:3)
  4 worms
  2 dart slugs
  12 orcs
  A ball python (D:1)
  3 giant cockroaches
  7 hobgoblins
  A quokka (D:2)
  9 bats
  4 frilled lizards
  7 goblins
  7 kobolds
  5 rats
75 creatures vanquished.

Notes
Turn   | Place    | Note
-------+----------+-------------------------------------------
     0 | D:1      | raph the Minotaur Fighter began the quest for the Orb.
     0 | D:1      | Reached XP level 1. HP: 19/19 MP: 0/0
   189 | D:1      | Reached skill level 3 in Axes
   222 | D:1      | Reached XP level 2. HP: 14/26 MP: 1/1
   831 | D:1      | Reached skill level 4 in Axes
  1289 | D:2      | Reached XP level 3. HP: 31/31 MP: 2/2
  1443 | D:2      | Reached skill level 5 in Axes
  1507 | D:2      | Reached XP level 4. HP: 39/39 MP: 3/3
  2095 | D:3      | Reached skill level 6 in Axes
  2341 | D:3      | Reached XP level 5. HP: 45/45 MP: 4/4
  2617 | D:3      | Found a broken altar of Ashenzari.
  2627 | D:3      | Became a worshipper of Ashenzari the Shackled
  2750 | D:3      | Reached skill level 7 in Axes
  2803 | D:3      | Found a bloodstained altar of Trog.
  3339 | D:4      | Found a snail-covered altar of Cheibriados.
  3519 | D:4      | Noticed an ogre
  3524 | D:4      | Slain by an ogre

Illustrated notes

Levels and vault maps discovered:
D:1:      nzn_arrival_crosshair, layout_basic
D:2:      layout_loops_ring
D:3:      layout_loops_corners, evilmike_ruin_ashenzari, serial_glass,
          glass_columns_b, glass_columns_c, glass_columns_a, glass_columns_a,
          glass_columns_a, glass_columns_a, item_on_display_a,
          supply_closet_lemuel, trog_three_pillars_becter
D:4:      layout_gridville, grunt_temple_overflow_magic_moments,
          kennysheep_slug_shrine, minmay_temple_entry_waves, xom_teletrap_fun,
          uniq_crazy_yiuf_cottage

Skill      XL: |  1  2  3  4  5 |
---------------+----------------+-----
Axes           | 3 4 5 6 7 |  7.5
Fighting       | |  3.6
Armour         | |  3.6
Shields        | |  3.6

Action                   |  1- 3 |  4- 6 || total
-------------------------+-------+-------++-------
Melee: War axe           |    92 |    77 ||   169
       Headbutt          |     6 |    12 ||    18
Invok: Curse Item        |       |     1 ||     1
Armor: Scale mail        |    66 |    36 ||   102
Dodge: Dodged            |    39 |    27 ||    66

Table legend: (Time is in decaauts)
 A = Elapsed time spent in this place.
 B = Non-inter-level travel time spent in this place.
 C = Inter-level travel time spent in this place.
 D = Time resting spent in this place.
 E = Time spent auto-exploring this place.
 F = Levels seen in this place.
 G = Mean time per level.
                   A        B        C        D        E       F      G
               +--------+--------+--------+--------+--------+-----+--------+
         Total |   3568 |   3436 |    132 |    723 |   2170 |   4 |  892.0 |
       Dungeon |   3568 |   3436 |    132 |    723 |   2170 |   4 |  892.0 |
               +--------+--------+--------+--------+--------+-----+--------+

Top non-repeatable levels by time:
     D:1: 1295 daAuts
     D:3: 1049 daAuts
     D:2: 1026 daAuts
     D:4: 197 daAuts
